 Dungeon Crawl Stone Soup version 0.29-a0-483-g69413ac (webtiles) character file.

Game seed: 2259520899676669355

53 Toastz the Slasher (level 4, -14/35 HPs)
             Began as a Djinni Gladiator on May 25, 2022.
             Was an Initiate of Gozag.
             Killed from afar by Ijyb (43 damage)
             ... with a bolt of acid
             ... on level 3 of the Dungeon.
             The game lasted 00:04:35 (2318 turns).

Toastz the Slasher (Djinni Gladiator)               Turns: 2318, Time: 00:04:36

Health: -14/35     AC:  4    Str: 13    XL:     4   Next: 10%
Gold:   208        EV: 13    Int: 11    God:    Gozag SH:  0 Dex: 21

rFire   + + .      SeeInvis .   a - +0 long sword
rCold   x . .      Faith    .   (no shield)
rNeg    . . .      Spirit   .   b - +0 leather armour
rPois   ∞          Reflect  .   c - +0 helmet
rElec   .          Harm     .   (no cloak)
rCorr   .          Rampage  .   (no gloves)
Will    .....                   (boots unavailable)
Stlth   ++........              (no amulet)
HPRegen 0.11/turn               f - +6 ring of dexterity
MPRegen 0.00/turn               (no ring)

@: gold aura, flying, very slightly contaminated
A: sickness immunity, fire resistance 2, cold vulnerability 1, float, innate
caster, HP casting, extra vitality 1
a: Renounce Religion, Potion Petition, Call Merchant, Bribe Branch


You were on level 3 of the Dungeon.
You worshipped Gozag.
Gozag was aware of your devotion.
You visited 1 branch of the dungeon, and saw 3 of its levels.

You collected 208 gold pieces.

Inventory:

Hand Weapons
 a - a +0 long sword (weapon)
Missiles
 d - 3 throwing nets
 e - a javelin
 m - 19 stones (quivered)
Armour
 b - a +0 leather armour (worn)
 c - a +0 helmet (worn)
 o - a +0 ring mail
Magical Staves
 r - a staff of cold
Jewellery
 f - a +6 ring of dexterity (left hand)
 k - a ring of willpower
Scrolls
 g - 2 scrolls of poison
 h - a scroll of fog {unknown}
 i - a scroll of identify {unknown}
 j - a scroll of torment {unknown}
 p - a scroll of amnesia {unknown}
 s - a scroll of teleportation {unknown}
 t - a scroll of blinking {unknown}
Potions
 l - a potion of magic {unknown}
 n - 2 potions of haste {unknown}
 q - a potion of brilliance {unknown}


   Skills:
 + Level 3.0 Fighting
 + Level 3.4 Long Blades
 - Level 1.5 Throwing
 - Level 3.2 Dodging
 + Level 0.6 Spellcasting


You had 3 spell levels left.
You knew the following spells:

 Your Spells              Type           Power      Damage    Failure   Level
a - Slow                  Hex            4%         N/A       32%         1
Your spell library was empty.

Dungeon Overview and Level Annotations

Branches:
Dungeon (3/15)

Altars:
Gozag

Annotations:
D:3 Ijyb


Innate Abilities, Weirdness & Mutations

You are immune to sickness and miasma.
You are immune to poison.
Your flesh is very heat resistant. (rF++)
You are vulnerable to cold. (rC-)
You float through the air rather than walking.
You learn spells naturally, not from books.
Your magical power is your life essence.
You have superior vitality. (+4 MHP)


Message History

Casting: Slow (safe; 32% risk of failure)
Confirm with . or Enter, or press ? or * to list all spells.
Aiming: Slow (safe; 32% risk of failure)
Press: ? - help, Shift-Dir - straight line, f/p - giant cockroach
Aim: a giant cockroach (moderately wounded, chance to affect: 50%)
You miscast Slow.
Nothing appears to happen.
The giant cockroach completely misses you.
The giant cockroach bites you but does no damage.
Casting: Slow (safe; 32% risk of failure)
Confirm with . or Enter, or press ? or * to list all spells.
Aiming: Slow (safe; 32% risk of failure)
Press: ? - help, Shift-Dir - straight line, f/p - giant cockroach
Aim: a giant cockroach (moderately wounded, chance to affect: 50%)
The giant cockroach seems to slow down.
Ijyb shouts!
The giant cockroach is no longer moving slowly.
A goblin comes into view. It is wielding a +0 dagger.
You barely miss the giant cockroach.
The giant cockroach is moderately wounded.
The giant cockroach closely misses you.
The giant cockroach bites you but does no damage.
An orc comes into view. It is wielding a +0 hand axe.
You closely miss the giant cockroach.
The giant cockroach is moderately wounded.
The orc shouts!
The giant cockroach barely misses you.
You barely miss the giant cockroach.
The giant cockroach is moderately wounded.
The giant cockroach misses you. The giant cockroach closely misses you.
The giant cockroach bites you.
Ijyb zaps a wand.
The bolt of acid misses you. The giant cockroach bites you.
There is a stone staircase leading up here.
Ijyb zaps a wand.
The bolt of acid hits the giant cockroach!!
The acid corrodes the giant cockroach!
The giant cockroach dies!
The bolt of acid hits you!!!
Ouch! That really hurt!
You die...
Your body crumbles into a pile of gold.

########
#......#
#......#
#.....$#
#.@....#
#g$....#
##.g....#
##.......#
#........#
....(..!......#
.(.....#......#
.......########
.......


You could see Ijyb and a goblin.

Vanquished Creatures
  A worm (D:2)
  6 bats
  7 endoplasms
  A giant cockroach (D:2)
  6 goblins
  4 hobgoblins
  2 jackals (D:1)
  4 kobolds
  A quokka (D:1)
  4 ball pythons (D:1)
  3 frilled lizards (D:1)
  5 rats
44 creatures vanquished.

Vanquished Creatures (others)
  A giant cockroach (D:3)
1 creature vanquished.

Grand Total: 45 creatures vanquished

Notes
Turn   | Place    | Note
-------+----------+-------------------------------------------
     0 | D:1      | Toastz the Djinni Gladiator began the quest for the Orb.
     0 | D:1      | Reached XP level 1. HP: 18/18 MP: 0/0
   149 | D:1      | Reached XP level 2. HP: 22/24 MP: 0/0
   664 | D:1      | Reached XP level 3. HP: 28/29 MP: 0/0
   664 | D:1      | Learned a level 1 spell: Slow
   994 | D:1      | Found a faded altar of an unknown god.
  1006 | D:1      | Prayed at the altar of an unknown god.
  1006 | D:1      | Became a worshipper of Gozag Ym Sagoz the Greedy
  2059 | D:2      | Reached XP level 4. HP: 35/35 MP: 0/0
  2308 | D:3      | Noticed Ijyb
  2318 | D:3      | Killed from afar by Ijyb

Illustrated notes

Levels and vault maps discovered:
D:1:      matt_arrival_los_fun, layout_basic,
          dreamdust_ecumenical_altar_hidden_monk_grotto, chequers_jeans,
          columned_hall_lemuel, nrook_uturn, dk_noncrumbling_3, minmay_vboxes
D:2:      layout_basic
D:3:      layout_rooms, nemelex_altar_shiori, uniq_ijyb, uniq_crazy_yiuf_cottage

Skill      XL: |  1  2  3 |
---------------+----------+-----
Long Blades    | 3 |  3.4
Fighting       | 3 |  3.0
Throwing       | |  1.5
Dodging        | |  3.2
Spellcasting   | |  0.6

Action                   |  1- 3 |  4- 6 || total
-------------------------+-------+-------++-------
Melee: Long sword        |   109 |     9 ||   118
Throw: Stone             |    18 |     2 ||    20
 Cast: Slow              |     5 |     1 ||     6
  Use: Scroll            |     1 |       ||     1
 Stab: Sleeping          |     2 |       ||     2
Armor: Leather armour    |    39 |     2 ||    41
Dodge: Dodged            |   101 |     8 ||   109

Table legend: (Time is in decaauts)
 A = Elapsed time spent in this place.
 B = Non-inter-level travel time spent in this place.
 C = Inter-level travel time spent in this place.
 D = Time resting spent in this place.
 E = Time spent auto-exploring this place.
 F = Levels seen in this place.
 G = Mean time per level.
                   A        B        C        D        E       F      G
               +--------+--------+--------+--------+--------+-----+--------+
         Total |   2346 |   2217 |    129 |      0 |   1803 |   3 |  782.0 |
       Dungeon |   2346 |   2217 |    129 |      0 |   1803 |   3 |  782.0 |
               +--------+--------+--------+--------+--------+-----+--------+

Top non-repeatable levels by time:
     D:1: 1597 daAuts
     D:2: 730 daAuts
     D:3: 19 daAuts
